 Dungeon Crawl Stone Soup version 0.28.0-53-g5a82cb258f (webtiles) character file.

Game seed: 4209090832785864939

34 purpskrrrp the Chucker (level 3, -1/24 HPs)
             Began as a Demonspawn Wanderer on June 23, 2022.
             Slain by Terence
             ... wielding a +0 mace
              (6 damage)
             ... on level 2 of the Dungeon.
             The game lasted 00:02:46 (1412 turns).

purpskrrrp the Chucker (Demonspawn Wanderer)        Turns: 1412, Time: 00:02:46

Health: -1/24      AC:  6    Str: 12    XL:     3   Next: 14%
Magic:  3/3        EV:  9    Int: 10    God:
Gold:   40         SH:  0    Dex: 17    Spells: 2/2 levels left

rFire   . . .      SeeInvis .   a - +2 dagger (vorpal)
rCold   . . .      Faith    .   (no shield)
rNeg    . . .      Spirit   .   e - +0 scale mail
rPois   .          Reflect  .   (no helmet)
rElec   .          Harm     .   (no cloak)
rCorr   .          Rampage  .   (no gloves)
Will    .....                   (no boots)
Stlth   ..........              (no amulet)
HPRegen 0.08/turn               (no ring)
MPRegen 0.08/turn               (no ring)

@: no status effects
A: powered by death 2
a: no special abilities


You were on level 2 of the Dungeon.
You visited 1 branch of the dungeon, and saw 2 of its levels.

You collected 40 gold pieces.

Inventory:

Hand Weapons
 a - a +2 vorpal dagger (weapon)
 c - a +0 shortbow
Missiles
 b - 4 curare-tipped darts (quivered)
 d - 21 arrows
Armour
 e - a +0 scale mail (worn)
Magical Staves
 i - a staff of earth
Scrolls
 g - a scroll of teleportation {unknown}
 j - a scroll of immolation {unknown}
Potions
 f - a potion of berserk rage {unknown}
 h - a potion of degeneration {unknown}


   Skills:
 + Level 0.1 Fighting
 + Level 0.6 Short Blades
 + Level 1.7 Bows
 + Level 4.1 Throwing
 + Level 3.1 Armour
 + Level 1.0 Dodging


You had 2 spell levels left.
You didn't know any spells.
Your spell library was empty.

Dungeon Overview and Level Annotations

Branches:
Dungeon (2/15)

Altars:

Annotations:
D:2 Terence


Innate Abilities, Weirdness & Mutations

You regenerate health from kills.


Message History

Terence hits you with a +0 mace.
You closely miss Terence.
Terence is moderately wounded.
Terence barely misses you.
You hit Terence.
Terence is heavily wounded.
Terence drinks a potion.
Terence is healed!
You hit Terence.
Terence is moderately wounded.
Terence hits you with a +0 mace.
You hit Terence but do no damage.
Terence is moderately wounded.
Terence hits you with a +0 mace.
* * * LOW HITPOINT WARNING * * *
You hit Terence but do no damage.
Terence is moderately wounded.
Terence hits you with a +0 mace.
* * * LOW HITPOINT WARNING * * *
You hit Terence but do no damage.
Terence is moderately wounded.
Terence closely misses you.
You hit Terence.
Terence is heavily wounded.
Terence barely misses you.
You hit Terence but do no damage.
Terence is heavily wounded.
Terence closely misses you.
You hit Terence.
Terence is severely wounded.
Terence hits you but does no damage.
You closely miss Terence.
Terence is severely wounded.
Terence hits you but does no damage.
You hit Terence but do no damage.
Terence is severely wounded.
Terence hits you but does no damage.
You barely miss Terence.
Terence is severely wounded.
Terence hits you with a +0 mace.
You die...

#.. #...#...####...........
<...#..†#.#.# #...........
........#.#.####...........
######..#.#........######## #
# ..#..#......).#.......).
#.#.###.#..###################
#.......#.......# #.........
......<.#.#####.# #.########
#........g@@# #.#
#####.#.###.# #.# #.#.....#
#.# #.####### #.# #.# #.# #.#
#.# #.# #.# ..# ..# ###


You could see Terence and a goblin.

Vanquished Creatures
  A dart slug (D:1)
  3 ball pythons (D:1)
  2 bats (D:1)
  2 endoplasms
  A giant cockroach (D:1)
  4 goblins (D:1)
  3 hobgoblins (D:1)
  3 jackals (D:1)
  A quokka (D:1)
  A frilled lizard (D:1)
  5 kobolds
  2 rats
28 creatures vanquished.

Notes
Turn   | Place    | Note
-------+----------+-------------------------------------------
     0 | D:1      | purpskrrrp the Demonspawn Wanderer began the quest for the
                  | Orb.
     0 | D:1      | purpskrrrp set off with the following items: a +2 dagger, 4
                  | curare-tipped darts, a +0 shortbow, 21 arrows, a +0 scale
                  | mail
     0 | D:1      | Reached XP level 1. HP: 13/13 MP: 1/1
   309 | D:1      | Gained mutation: You regenerate a little health from kills.
                  | [demonic ancestry]
   309 | D:1      | Reached XP level 2. HP: 16/19 MP: 2/2
   537 | D:1      | Reached skill level 4 in Throwing
  1171 | D:1      | Gained mutation: You regenerate health from kills. [demonic
                  | ancestry]
  1171 | D:1      | Reached XP level 3. HP: 23/24 MP: 3/3
  1385 | D:2      | Noticed Terence
  1412 | D:2      | Slain by Terence

Illustrated notes

Levels and vault maps discovered:
D:1:      heliophobic_arrival_glass_houses, layout_basic,
          chequers_serial_rivers_small_b
D:2:      layout_basic, hex_tiny, uniq_terence, uniq_natasha

Skill      XL: |  1  2 |
---------------+-------+-----
Armour         | 3 |  3.1
Throwing       | 4 |  4.1
Fighting       | |  0.1
Short Blades   | |  0.6
Bows           | |  1.7
Dodging        | |  1.0

Action                   || total
-------------------------++-------
Melee: Dagger            ||    99
  Use: Scroll            ||     2
Armor: Scale mail        ||    66
Dodge: Dodged            ||    61
